Map: Ruby Rock LE

Players

Sveika - Winner!

  • Race: Zerg Zerg
  • League: Platinum
  • Spawn Location: 5:00

Kenny

  • Race: Terran Terran
  • League: Platinum
  • Spawn Location: 11:00

VOD

Have the link to the VOD?

Description

Time

  • Played on: Nov. 19, 2025, 2:55 p.m.
  • Length: 25:03
Show
View Real Time Build Order
Export as new Build Order

Sveika Zerg - Winner!

Build Orders: Hatch First 

Get SALT Encoding   

  12  0:02  Drone  
  13  0:14  Overlord  
  13  0:18  Drone  
  14  0:32  Drone x2  
  16  0:36  Drone  
  17  0:54  Hatchery, Drone  
  17  0:58  Drone  
  18  1:08  Extractor  
  17  1:12  Spawning Pool  
  17  1:16  Drone  
  17  1:21  Drone  
  18  1:30  Drone  
  19  1:44  Overlord  
  19  2:05  Queen x2  
  19  2:06  Zergling x2  
  19  2:07  Zergling x4  
  26  2:20  Overlord  
  26  2:23  Drone  
  27  2:34  Metabolic Boost  
  27  2:39  Overlord  
  27  2:42  Drone x3  
  30  2:46  Queen  
  32  2:55  Drone x2  
  34  3:04  Lair  
  34  3:38  Hatchery  
  33  3:47  Drone  
  33  3:48  Drone x9  
  43  3:52  Queen  
  45  3:59  Drone x2  
  46  4:11  Roach Warren, Extractor, Drone x2  
  46  4:12  Drone  
  46  4:13  Drone  
  48  4:18  Extractor  
  48  4:20  Extractor  
  48  4:21  Drone x2  
  48  4:23  Drone x2  
  48  4:24  Drone  
  51  4:27  Overlord  
  51  4:31  Overseer  
  51  4:47  Evolution Chamber  
  51  4:48  Evolution Chamber, Drone  
  51  4:49  Drone  
  51  5:07  Overlord x3  
  51  5:08  Overlord  
  51  5:11  Drone x5  
  51  5:12  Queen  
  51  5:13  Queen  
  60  5:20  Spore Crawler  
  59  5:21  Spore Crawler  
  59  5:24  Roach x3  
  59  5:27  Roach, Spore Crawler  
  65  5:30  Drone x2  
  65  5:35  Glial Reconstitution  
  67  5:38  Zerg Missile Weapons Level 1  
  67  5:42  Zerg Melee Weapons Level 1  
  67  6:05  Pneumatized Carapace  
  67  6:07  Hatchery  
  66  6:12  Drone x9  
  66  6:14  Roach  
  66  6:15  Roach x2  
  81  6:25  Queen  
  83  6:44  Roach x7  
  97  6:50  Overlord x3  
  97  6:53  Overseer  
  97  7:07  Queen  
  99  7:15  Roach x9  
  117  7:34  Drone x2  
  117  7:36  Hydralisk Den  
  118  7:48  Queen  
  118  7:49  Hatchery x2  
  118  7:57  Zergling x2  
  119  8:00  Overlord  
  119  8:01  Overlord x5  
  119  8:31  Zergling x10  
  119  8:32  Zergling x40  
  144  8:37  Infestation Pit  
  144  8:40  Drone x3  
  144  8:41  Drone x3  
  149  8:50  Zerg Melee Weapons Level 2, Zerg Missile Weapons Level 2  
  149  8:59  Roach  
  149  9:00  Roach x8  
  149  9:02  Overlord x3  
  163  9:27  Roach x9  
  163  9:28  Roach x5  
  169  9:45  Spire  
  124  10:00  Spore Crawler x2  
  124  10:01  Spore Crawler  
  124  10:02  Spore Crawler  
  114  10:13  Zergling x2  
  114  10:14  Zergling x32  
  105  10:44  Hydralisk x15  
  105  10:47  Grooved Spines  
  135  10:55  Corruptor x3  
  125  11:21  Hive  
  125  11:23  Zerg Ground Armor Level 1  
  125  11:31  Hydralisk  
  125  11:32  Hydralisk x6  
  137  11:38  Muscular Augments  
  139  11:58  Hydralisk x6  
  151  12:12  Corruptor  
  153  12:17  Extractor  
  153  12:19  Extractor  
  153  12:20  Extractor, Drone x3  
  153  12:21  Drone x3  
  153  12:22  Extractor  
  155  12:24  Drone x3  
  155  12:25  Drone x3  
  155  12:26  Zergling x4  
  155  12:27  Zergling x42  
  184  12:42  Zerg Melee Weapons Level 3  
  184  12:57  Hydralisk x3  
  184  12:58  Hydralisk  
  184  13:13  Hatchery  
  184  13:17  Zerg Missile Weapons Level 3  
  156  13:39  Hydralisk  
  156  13:40  Hydralisk x14  
  170  13:55  Hydralisk  
  170  13:56  Hydralisk x5  
  182  14:10  Drone x4  
  182  14:11  Drone x4  
  182  14:14  Drone x2  
  182  14:15  Drone x3  
  161  14:50  Zergling x2  
  161  14:51  Zergling x46  
  161  14:52  Zergling x8  
  171  15:17  Adrenal Glands  
  171  15:25  Hatchery  
  170  15:33  Hatchery  
  169  15:39  Hatchery  
  168  16:18  Corruptor  
  168  16:19  Corruptor x13  
  194  17:11  Overlord x9  
  122  17:54  Hydralisk x13  
  122  17:55  Hydralisk x19  
  148  18:05  Zergling x2  
  148  18:06  Zergling x16  
  157  18:28  Extractor  
  157  18:29  Extractor  
  153  19:11  Corruptor x3  
  153  19:12  Corruptor x10  
  147  19:26  Corruptor x3  
  125  20:09  Zergling x2  
  125  20:10  Zergling x26  
  137  20:21  Overseer  
  137  20:22  Overseer x5  
  137  20:39  Hatchery  
  131  21:20  Zergling x36  
  131  21:21  Zergling x8  
  153  21:32  Spire  
  147  22:43  Zerg Flyer Weapons Level 1  
  147  22:44  Corruptor  
  147  22:45  Corruptor x11  
  163  23:29  Corruptor x5  
  163  23:30  Corruptor x2  
  158  23:56  Corruptor x3  
  164  24:13  Hatchery  
Show
View Real Time Build Order
Export as new Build Order

Kenny Terran 

Build Orders: Reaper Expand 

Get SALT Encoding   

  12  0:00  SCV  
  13  0:12  SCV  
  14  0:18  Supply Depot  
  14  0:24  SCV  
  15  0:39  SCV  
  15  0:41  Barracks  
  16  0:44  Refinery  
  16  0:51  SCV  
  17  1:04  SCV  
  18  1:16  SCV  
  19  1:28  Reaper, Orbital Command  
  20  1:40  Command Center  
  20  1:48  Supply Depot  
  20  1:54  SCV  
  21  2:05  Factory  
  21  2:06  SCV  
  22  2:12  Barracks Tech Lab  
  22  2:18  SCV  
  22  2:19  Refinery  
  22  2:21  Bunker  
  23  2:31  SCV  
  23  2:36  Marauder  
  26  2:43  SCV  
  27  2:51  Factory Tech Lab  
  27  2:55  SCV  
  27  2:56  Orbital Command  
  27  2:58  Marauder  
  30  3:07  SCV  
  30  3:09  Cyclone  
  34  3:16  Refinery  
  35  3:20  SCV  
  35  3:22  Starport  
  35  3:27  Refinery  
  35  3:29  SCV  
  35  3:32  SCV  
  37  3:41  SCV  
  37  3:44  SCV  
  38  3:49  Cyclone  
  38  3:54  SCV  
  42  3:56  SCV  
  43  4:04  Fusion Core  
  43  4:06  SCV  
  43  4:08  SCV  
  45  4:17  Supply Depot  
  45  4:18  SCV  
  45  4:21  Supply Depot  
  46  4:35  Armory  
  46  4:39  Cyclone, SCV x2  
  46  4:43  Supply Depot  
  51  4:47  Supply Depot  
  51  4:51  SCV x2  
  53  4:59  Battlecruiser  
  59  5:04  Weapon Refit  
  59  5:05  SCV  
  60  5:20  Command Center  
  60  5:25  SCV x2  
  62  5:30  Cyclone  
  65  5:37  SCV  
  65  5:38  Mag-Field Accelerator  
  65  5:42  Starport  
  66  5:45  Terran Ship Weapons Level 1  
  66  5:47  SCV  
  66  5:49  SCV  
  68  5:59  SCV  
  68  6:01  SCV  
  70  6:08  Battlecruiser  
  76  6:11  SCV  
  76  6:13  Cyclone  
  76  6:14  SCV  
  81  6:18  Supply Depot  
  81  6:22  Supply Depot  
  81  6:24  Starport Tech Lab  
  82  6:25  SCV  
  82  6:26  SCV  
  83  6:37  Armory  
  83  6:41  SCV x2  
  85  6:47  Cyclone  
  85  6:50  Refinery  
  85  6:53  SCV x2  
  90  6:55  Refinery  
  90  7:00  Battlecruiser  
  96  7:05  Orbital Command  
  96  7:09  SCV x2  
  98  7:19  Cyclone  
  98  7:21  SCV x2  
  103  7:30  SCV  
  103  7:32  Battlecruiser  
  103  7:33  SCV x2  
  112  7:43  SCV  
  113  7:44  Command Center  
  113  7:45  SCV x2  
  113  7:46  Terran Vehicle And Ship Armor Level 1  
  115  7:55  SCV  
  115  7:57  SCV  
  117  8:01  Command Center  
  117  8:05  Starport  
  117  8:07  Supply Depot  
  117  8:09  Cyclone, Supply Depot, SCV x3  
  123  8:12  Factory  
  123  8:21  Battlecruiser, SCV x3  
  132  8:32  Engineering Bay  
  132  8:33  SCV x3  
  135  8:37  Supply Depot  
  135  8:40  Supply Depot  
  135  8:43  Starport Tech Lab  
  135  8:45  SCV x2  
  135  8:46  Cyclone, SCV  
  141  8:53  Battlecruiser  
  147  8:59  Supply Depot  
  147  9:05  Battlecruiser, SCV x2  
  147  9:06  Factory Tech Lab  
  155  9:10  SCV  
  155  9:18  Cyclone  
  158  9:26  Supply Depot  
  158  9:36  Planetary Fortress  
  136  9:50  Cyclone  
  136  9:51  Factory  
  138  9:55  Supply Depot  
  138  10:01  Widow Mine  
  138  10:07  Orbital Command  
  135  10:17  Factory  
  135  10:23  Cyclone, SCV x2  
  142  10:35  SCV  
  141  10:36  Factory Reactor  
  141  10:40  Factory Reactor  
  141  10:42  SCV x2  
  143  10:43  Refinery  
  143  10:47  Supply Depot, SCV  
  143  10:48  Battlecruiser, Supply Depot  
  143  10:49  Command Center, Refinery  
  150  10:54  SCV, Refinery  
  150  10:55  Engineering Bay  
  151  10:59  SCV  
  151  11:03  Factory Reactor  
  152  11:05  Command Center  
  152  11:06  Command Center  
  151  11:17  Terran Vehicle Weapons Level 1  
  150  11:23  Hellion x3  
  156  11:43  Hellion x4  
  156  11:44  Hellion  
  166  11:51  Engineering Bay  
  166  11:56  Hellion x2  
  170  12:04  Hellion x3  
  170  12:06  Starport  
  144  12:15  Siege Tank  
  147  12:17  Hellion  
  147  12:18  Hellion  
  147  12:19  Supply Depot  
  151  12:24  Planetary Fortress  
  151  12:32  Orbital Command  
  151  12:33  Orbital Command  
  151  12:42  Missile Turret  
  151  12:46  Battlecruiser  
  151  12:47  Starport Tech Lab, Siege Tank  
  160  12:54  Hellion  
  160  12:55  Hellion  
  164  13:01  Planetary Fortress  
  164  13:05  Factory  
  162  13:17  Hellion x2  
  162  13:18  Hellion  
  162  13:19  Siege Tank  
  169  13:33  Battlecruiser x2  
  176  13:43  Hellion  
  178  13:51  Siege Tank  
  181  14:02  Widow Mine  
  187  14:03  Widow Mine x2  
  187  14:05  Command Center  
  187  14:20  Terran Vehicle And Ship Armor Level 2  
  187  14:26  Widow Mine  
  155  14:54  Battlecruiser  
  161  15:04  Factory Tech Lab  
  161  15:08  Widow Mine  
  161  15:11  Drilling Claws  
  163  15:27  Engineering Bay  
  163  15:48  Battlecruiser  
  169  15:51  Thor  
  175  15:59  Hellion x3  
  175  16:03  Refinery  
  181  16:16  Battlecruiser  
  187  16:33  Command Center  
  187  16:37  Refinery  
  187  16:40  Refinery  
  179  16:52  Battlecruiser x2  
  179  16:53  Widow Mine x2  
  179  16:54  Supply Depot  
  130  17:39  Battlecruiser  
  130  17:43  Battlecruiser  
  131  17:48  Widow Mine x2  
  117  17:52  Widow Mine x2  
  103  18:06  Battlecruiser  
  109  18:15  Widow Mine  
  109  18:16  Widow Mine  
  113  18:31  Orbital Command  
  109  18:45  Battlecruiser  
  115  18:58  SCV  
  116  19:03  Armory  
  113  19:23  Widow Mine  
  109  19:25  Widow Mine  
  81  20:41  SCV x2  
  81  20:42  SCV  
  84  20:49  Widow Mine  
  86  20:53  SCV  
  83  21:17  Refinery  
  83  21:29  Command Center, Supply Depot  
  83  21:35  Supply Depot  
  83  21:41  Refinery  
  83  21:42  SCV  
  84  21:51  Hellion x3  
  84  21:53  Supply Depot  
  90  21:54  SCV  
  81  22:25  Widow Mine x3  
  87  22:42  Widow Mine  
  65  23:35  SCV  
  66  24:28  Orbital Command  
  66  24:31  Refinery  
  64  24:46  Refinery  
  64  24:54  Refinery  
Tags
 
Add a new tag
Caveats
  • Supply blocks, unpowered buildings, or Contaminate may cause inaccurate times.
  • Supply counts are checked every 10 seconds.